 Dungeon Crawl Stone Soup version 0.27-a0-1281-ge233d83751 (webtiles) character file.

Game seed: 13789909090000846420

322 deletemesenpai the Chopper (level 6, -2/53 HPs)
             Began as a Hill Orc Fighter on June 13, 2021.
             Slain by a wyvern skeleton (6 damage)
             ... on level 5 of the Dungeon.
             The game lasted 00:12:46 (4436 turns).

deletemesenpai the Chopper (Hill Orc Fighter)       Turns: 4436, Time: 00:12:47

Health: -2/53      AC:  8    Str: 25    XL:     6   Next: 47%
Magic:  6/6        EV: 10    Int:  8    God:
Gold:   301        SH:  0    Dex: 12    Spells: 5/5 levels left

rFire    + . .     SeeInvis .   u - +13 scythe of Curses {drain, Drain}
rCold    . . .     Faith    .   (shield currently unavailable)
rNeg     . . .     Spirit   .   b - +0 scale mail
rPois    .         Reflect  .   (no helmet)
rElec    .         Harm     .   i - +0 cloak
rCorr    .         Rampage  .   (no gloves)
Will     .....                  (no boots)
Stlth    ..........             (no amulet)
HPRegen  0.17/turn              r - +6 ring of strength
MPRegen  0.10/turn              x - ring of protection from fire

@: no status effects
A: no striking features
a: no special abilities


You were on level 5 of the Dungeon.
You visited 1 branch of the dungeon, and saw 5 of its levels.

You collected 301 gold pieces.

Inventory:

Hand Weapons
 a - a +0 war axe
 u - the +13 scythe of Curses (weapon) {drain, Drain}
   (You found it on level 4 of the Dungeon)

   A truly terrible weapon, it drains the life of those it strikes.
   It drains your maximum health when unequipped.
 v - a +2 halberd of venom
Armour
 b - a +0 scale mail (worn)
 c - a +0 kite shield
 i - a +0 cloak (worn)
Jewellery
 r - a +6 ring of strength (left hand)
 s - a ring of fire
 x - a ring of protection from fire (right hand)
Scrolls
 e - 2 scrolls of fog {unknown}
 f - 2 scrolls of enchant armour {unknown}
 g - a scroll of immolation {unknown}
 j - 3 scrolls of teleportation {unknown}
 l - 3 scrolls of identify {unknown}
 m - a scroll of amnesia {unknown}
 n - a scroll of holy word {unknown}
 o - 2 scrolls of enchant weapon {unknown}
 q - a scroll of blinking {unknown}
 t - a scroll of magic mapping {unknown}
Potions
 d - a potion of might
 h - a potion of degeneration {unknown}
 p - 3 potions of attraction
 w - a potion of haste {unknown}


   Skills:
 + Level 4.4 Fighting
 + Level 5.3(5.9) Axes
 - Level 1.8(3.3) Maces & Flails
 + Level 2.3(3.7) Polearms
 + Level 4.5 Armour
 + Level 4.1 Shields


You had 5 spell levels left.
You didn't know any spells.
Your spell library was empty.

Dungeon Overview and Level Annotations

Branches:
Dungeon (5/15)             Temple (0/1) D:4

Altars:


Message History

Found 16 gold pieces.
A yak comes into view.
Found a stone staircase leading down.
The bullfrog zombie hits you.
You closely miss the yak. The yak gores you!
You hit the yak but do no damage. You drain the yak.
The yak is lightly wounded.
The yak barely misses you.
A yak comes into view.
The yak bellows!
The yak gores you.
You slash the yak!
The yak convulses with pain!!
The yak is almost dead.
The yak gores you! x3
* * * LOW HITPOINT WARNING * * *
You feel much better. The yak gores you.
You slash the yak!
The yak convulses with pain!!
The yak is severely wounded.
The yak gores you! x2
You completely miss the yak.
The yak is severely wounded.
The yak gores you. The yak gores you but does no damage.
You barely miss the yak.
The yak is severely wounded.
The yak gores you.
You feel much better. The yak gores you! The yak gores you!
* * * LOW HITPOINT WARNING * * *
A wyvern skeleton comes into view.
The wyvern skeleton bites you but does no damage.
You slash the wyvern skeleton!
The wyvern skeleton is moderately damaged.
The wyvern skeleton bites you.
* * * LOW HITPOINT WARNING * * *
The wyvern skeleton bites you.
* * * LOW HITPOINT WARNING * * *
You completely miss the wyvern skeleton.
The wyvern skeleton is moderately damaged.
The wyvern skeleton bites you.
You die...

#####.############# #.#
#.@Z............... #Y#
#Y###.###########.. #.#
#.# #.# #.. #####.# #Y#
#.# ##########. ?..#)###
#Y###.###..........
...Z.#
#.##...##.########.
#.#.####Y#.#..##.# ##
.#...YZ...Z###....# #
............Z###.#..####
#


You could see 4 yaks and a wyvern skeleton.

Vanquished Creatures
  A phantom (D:3)
  A scorpion (D:4)
  An iguana (D:5)
  4 gnolls (D:4)
  3 adders
  2 worms
  A dart slug (D:3)
  10 orcs
  3 endoplasms
  A giant cockroach (D:4)
  4 goblins
  8 hobgoblins
  10 jackals
  4 quokkas
  8 ball pythons
  7 bats
  2 frilled lizards
  6 kobolds
  8 rats
84 creatures vanquished.

Vanquished Creatures (others)
  3 plants
3 creatures vanquished.

Grand Total: 87 creatures vanquished

Notes
Turn   | Place    | Note
-------+----------+-------------------------------------------
     0 | D:1      | deletemesenpai the Hill Orc Fighter began the quest for the
                  | Orb.
     0 | D:1      | Reached XP level 1. HP: 19/19 MP: 1/1
   215 | D:1      | Reached XP level 2. HP: 23/27 MP: 2/2
  1125 | D:1      | Reached skill level 1 in Polearms
  1309 | D:1      | You fall into a shaft and drop 1 floor!
  1314 | D:2      | Reached skill level 3 in Axes
  1314 | D:2      | Reached XP level 3. HP: 29/33 MP: 3/3
  2350 | D:3      | Reached skill level 1 in Maces & Flails
  2350 | D:3      | Reached XP level 4. HP: 39/40 MP: 4/4
  2432 | D:3      | Noticed a phantom
  2451 | D:3      | Killed a phantom
  2452 | D:3      | Reached skill level 4 in Axes
  2452 | D:3      | Reached XP level 5. HP: 12/46 MP: 5/5
  2789 | D:3      | Found a faded altar of an unknown god.
  2966 | D:3      | You fall into a shaft and drop 1 floor!
  2966 | D:4      | Found the +13 scythe of Curses {drain, Drain}
  3155 | D:4      | Reached skill level 5 in Axes
  3155 | D:4      | Reached XP level 6. HP: 48/52 MP: 6/6
  3186 | D:4      | Found a staircase to the Ecumenical Temple.
  4301 | D:5      | Entered Level 5 of the Dungeon
  4410 | D:5      | Noticed a yak
  4410 | D:5      | Noticed a yak
  4411 | D:5      | Noticed a yak
  4419 | D:5      | Noticed a yak
  4436 | D:5      | Slain by a wyvern skeleton

Illustrated notes

Levels and vault maps discovered:
D:1:      ebering_trefoil_twist, layout_basic
D:2:      layout_loops_ring
D:3:      minmay_spotlight, layout_basic, amethyst_overflow_temple_binary,
          ebering_ecumenical_altar_sacrificial, grunt_ministairs_14,
          guppyfry_early_lair_pool
D:4:      layout_basic, minmay_temple_entry_mini_moons, nicolae_zen_rock_garden,
          serial_park_tiny_pond, minmay_fractal_squares_5
D:5:      layout_loops_ring, kennysheep_little_box, serial_shops,
          nicolae_shop_statue_plus, amcnicky_altar_lugonu_corruption

Skill      XL: |  1  2  3  4  5  6 |
---------------+-------------------+-----
Polearms       | 1 2 |  2.3
Axes           | 3 4 5 |  5.3
Maces & Flails | 1 |  1.8
Fighting       | 4 |  4.4
Armour         | 4 |  4.5
Shields        | 4 |  4.1

Action                   |  1- 3 |  4- 6 || total
-------------------------+-------+-------++-------
Melee: War axe           |   130 |    70 ||   200
       Scythe            |       |    44 ||    44
  Use: Potion            |       |     4 ||     4
Armor: Scale mail        |    73 |    54 ||   127
Dodge: Dodged            |    48 |    63 ||   111
Block: Kite shield       |    70 |    45 ||   115

Table legend: (Time is in decaauts)
 A = Elapsed time spent in this place.
 B = Non-inter-level travel time spent in this place.
 C = Inter-level travel time spent in this place.
 D = Time resting spent in this place.
 E = Time spent auto-exploring this place.
 F = Levels seen in this place.
 G = Mean time per level.
                   A        B        C        D        E       F      G
               +--------+--------+--------+--------+--------+-----+--------+
         Total |   4583 |   4583 |      0 |    916 |   2692 |   5 |  916.6 |
       Dungeon |   4583 |   4583 |      0 |    916 |   2692 |   5 |  916.6 |
               +--------+--------+--------+--------+--------+-----+--------+

Top non-repeatable levels by time:
     D:4: 1362 daAuts
     D:1: 1350 daAuts
     D:3: 1097 daAuts
     D:2: 625 daAuts
     D:5: 147 daAuts
